 Dungeon Crawl Stone Soup version 0.20.0-15-g7f486f2 (console) character file.

36 removed the Magician (level 3, 0/16 HPs)
             Began as a Spriggan Necromancer on June 10, 2017.
             Slain by a worm (4 damage)
             ... on level 2 of the Dungeon.
             The game lasted 00:01:49 (1903 turns).

removed the Magician (Spriggan Necromancer)         Turns: 1903, Time: 00:01:50

Health: 0/16       AC:  2    Str:  4    XL:     3   Next: 19%
Magic:  0/9        EV: 18    Int: 17    God:
Gold:   73         SH:  0    Dex: 16    Spells: 9/10 levels left

rFire    . . .     SeeInvis +   (weapon restricted)
rCold    . . .     Gourm    .   (shield restricted)
rNeg     . . .     Faith    .   a - +0 robe
rPois    +         Spirit   .   (helmet restricted)
rElec    .         Reflect  .   (no cloak)
rCorr    .         Harm     .   (gloves unavailable)
MR       .....                  (boots unavailable)
Stlth    ++........             (no amulet)
Regen    0.1/turn               e - ring of poison resistance
MPRegen  0.2/turn               (no ring)

@: very quick
A: unfitting armour, see invisible, herbivore 3, speed 3, slow metabolism 2
a: no special abilities


You were on level 2 of the Dungeon.
You were not hungry.

You visited 1 branch of the dungeon, and saw 2 of its levels.

You collected 73 gold pieces.

Inventory:

Armour
 a - a +0 robe (worn)
Jewellery
 e - a ring of poison resistance (left hand)
Scrolls
 f - a scroll of recharging {unknown}
 k - 2 scrolls of identify {unknown}
 l - a scroll of amnesia {unknown}
Potions
 d - a potion of cancellation {unknown}
 g - 2 potions of degeneration {unknown}
 i - a potion of flight {unknown}
 m - a potion of agility {unknown}
 n - 3 potions of magic {unknown}
Books
 b - a book of Necromancy

   Spells                             Type                      Level
   a - Pain                           Necromancy                   1
   b - Animate Skeleton               Necromancy                   1
   c - Vampiric Draining              Necromancy                   3
   d - Regeneration                   Charms/Necromancy            3
   e - Animate Dead                   Necromancy                   4
   f - Control Undead                 Necromancy                   4
Comestibles
 c - 2 bread rations
 h - a fruit
 j - a royal jelly


   Skills:
 - Level 3.0 Dodging
 - Level 3.0 Stealth
 + Level 4.0 Spellcasting
 + Level 4.0 Necromancy


You had 9 spell levels left.
You knew the following spells:

 Your Spells              Type           Power        Failure   Level  Hunger
a - Pain                  Necr           ###.         3%          1    None


Dungeon Overview and Level Annotations

Branches:
Dungeon (2/15)

Altars:


Innate Abilities, Weirdness & Mutations

You are very small and have problems with some larger weapons.
You are too small for most types of armour.
You have supernaturally acute eyesight. (SInv)
You are a herbivore.
You cover ground extremely quickly.
You need consume almost no food.


Message History

Confirm with . or Enter, or press ? or * to list all spells.
Aiming: Pain
Press: ? - help, Shift-Dir - straight line, f/p - worm
Aim: a worm (moderately wounded, chance to defeat MR: 82%)
The worm writhes in agony!
You see here 11 gold pieces.
You see here 11 gold pieces.
Casting: Pain
Confirm with . or Enter, or press ? or * to list all spells.
Aiming: Pain
Press: ? - help, Shift-Dir - straight line, f/p - worm
Aim: a worm (moderately wounded, chance to defeat MR: 82%)
The worm writhes in agony!
The worm barely misses you.
You hit the worm but do no damage.
The worm is moderately wounded.
You hit the worm but do no damage.
The worm is moderately wounded.
The worm bites you.
You die...

#.....# #. #.....# #.#
###.#####.# #.# #####.#...#.#
#.# #.........#.# #.#
#.###.....#.# #.## ..# ##†#.##.#
#..########
..###.#.##.###.........#########
#.#..#.##.##.w@...###..........
#..##......$.#.#.###..#####..#
#.#.#####.##.##...........##..#
#.##.## #.##>##.#.###..##......
..##...# #.##.##........#####..#
## #...# #.##..........)#####..#
#...# #.#####..####..........
#...# #.#####.....#.#########
#...# #.##<....##.#.##### #


You could see a worm.

Vanquished Creatures
  A leopard gecko (D:2)
  2 ball pythons (D:1)
  6 hobgoblins
  4 bats
  A frilled lizard (D:1)
  8 goblins
  7 kobolds
  2 rats (D:1)
31 creatures vanquished.

Notes
Turn   | Place    | Note
-------+----------+-------------------------------------------
     0 | D:1      | removed the Spriggan Necromancer began the quest for the Orb.
     0 | D:1      | Reached XP level 1. HP: 9/9 MP: 5/5
   322 | D:1      | Reached XP level 2. HP: 7/13 MP: 2/7
  1512 | D:2      | Reached XP level 3. HP: 6/16 MP: 0/9
  1903 | D:2      | Slain by a worm

Skill      XL: |  1  2  3 |
---------------+----------+-----
Spellcasting   | 3 4 |  4.0
Necromancy     | 4 |  4.0
Dodging        | |  3.0
Stealth        | |  3.0

Action                   || total
-------------------------++-------
Melee: Unarmed           ||     2
 Cast: Pain              ||    66
Armor: Robe              ||     1
Dodge: Dodged            ||     6
